 Dungeon Sprint DCSS version 0.32-a0-42-ga30500b4d3 (webtiles) character file.

Game seed: 12940536837689198295

176 rocky1 the Trooper (level 5, -1/38 HPs)
             Began as a Gargoyle Fighter on Jan 29, 2024.
             Was an Initiate of Gozag.
             Slain by a fire bat (6 damage)
             ... in the Dungeon (Sprint VII: "The Pits").
             The game lasted 00:00:41 (267 turns).

rocky1 the Trooper (Gargoyle Fighter)                Turns: 267, Time: 00:00:42

Health: -1/38      AC: 11    Str: 22    XL:     5   Next: 56%
Magic:  5/5        EV:  9    Int:  8    God:    Gozag
Gold:   234        SH:  5    Dex:  9    Spells: 4/4 levels left

rFire   . . .        a - +0 flail
rCold   . . .        c - +0 buckler
rNeg    + . .        b - +0 scale mail
rPois   ∞            (no helmet)
rElec   +            (no cloak)
rCorr   .            (no gloves)
SInv    .            (no boots)
Will    .....        (no amulet) Stlth
                     (no ring)
HPRegen 0.26/turn    (no ring)
MPRegen 0.09/turn

%: no teleportation
@: no status effects
A: sickness immunity, AC +4, negative energy resistance 1, electricity
resistance, torment resistance 1, petrification resistance
a: Renounce Religion, Potion Petition, Call Merchant, Bribe Branch


You were in the Dungeon.
You worshipped Gozag.
Gozag was aware of your devotion.
You visited 1 branch You collected 234 gold pieces.

Inventory:

Hand Weapons
 a - a +0 flail (weapon)
Armour
 b - a +0 scale mail (worn)
 c - a +0 buckler (worn)
Scrolls
 j - a scroll of blinking
 l - 2 scrolls of vulnerability
 m - 5 scrolls of amnesia
 n - a scroll of butterflies
Potions
 d - a potion of might
 g - a potion of haste
 h - 4 potions of magic
 i - 3 potions of berserk rage
 k - 2 potions of invisibility


   Skills:
 + Level 7.3 Fighting
 + Level 5.1 Maces & Flails
 + Level 6.9 Armour
 + Level 6.7 Shields


You had 4 spell levels left.
You didn't know any spells.
Your spell library was empty.

Dungeon Overview and Level Annotations

Branches:
Dungeon (1/1)

Altars:
Ashenzari
Cheibriados
Dithmenos
Elyvilon
Fedhas
Gozag
Hepliaklqana
Kikubaaqudgha
Makhleb
Nemelex Xobeh
Okawaru
Qazlal
Ru
Sif Muna
Trog
Uskayaw
Vehumet
Wu Jian
Xom
Yredelemnul
Zin
The Shining One
Jiyva
Lugonu


Innate Abilities, Weirdness & Mutations

You are immune to sickness and miasma.
Your stone body is resilient. (AC +4)
You are immune to poison.
You resist negative energy. (rN+)
You are resistant to electric shocks. (rElec)
You are resistant to unholy torment.
You are immune to petrification.


Message History

The fire bat closely misses you.
You closely miss the fire bat. The fire bat barely misses you.
The fire bat bites you but does no damage.
You barely miss the fire bat. The fire bat closely misses you.
You miss the fire bat. You block the fire bat's attack.
You closely miss the fire bat. The fire bat bites you.
You are engulfed in flames.
The fire bat bites you but does no damage.
You hit the fire bat.
The fire bat is lightly wounded.
The fire bat bites you.
You are engulfed in flames!
The fire bat bites you but does no damage.
You closely miss the fire bat.
The fire bat is lightly wounded.
The fire bat barely misses you.
You feel much better. The fire bat bites you.
You are engulfed in flames!
You barely miss the fire bat.
The fire bat is lightly wounded.
The fire bat bites you but does no damage.
The fire bat closely misses you.
You barely miss the fire bat.
The fire bat is lightly wounded.
The fire bat bites you.
You are engulfed in flames.
The fire bat closely misses you. x2
You completely miss the fire bat.
The fire bat is lightly wounded.
The fire bat bites you.
You are engulfed in flames!
You block the fire bat's attack.
You barely miss the fire bat.
The fire bat is lightly wounded.
The fire bat bites you but does no damage.
The fire bat bites you.
* * * LOW HITPOINT WARNING * * *
You are engulfed in flames!
* * * LOW HITPOINT WARNING * * *
You feel better. You block the fire bat's attack. The fire bat bites you.
* * * LOW HITPOINT WARNING * * *
You are engulfed in flames.
You die...
Your body crumbles into a pile of gold.

#_________.#
#_______...###########++
##########'##...........
#..(.')))'.##......#..#.
##########.##...........
#...........'...........
#+#####'#####......#..#.
#..#...'.##...........
#..#...#@#####'#####++
#..#####b##.......#
#..'g.)#5##.......#
#..'..)'g##.......#
#..########...<...# #..
#.......# #.. #.......#
### #.......# #########


You could see a fire bat, an ufetubus and a goblin.

Vanquished Creatures
  A glass eye (D)
  An orc (D)
  2 kobolds (D)
  A ball python (D)
  A rat (D)
6 creatures vanquished.

Notes
Turn   | Place    | Note
-------+----------+-------------------------------------------
     0 | D        | rocky1 the Gargoyle Fighter began the quest for the Orb.
     0 | D        | Reached XP level 1. HP: 14/14 MP: 1/1
    56 | D        | Found a bloodstained altar of Trog.
    56 | D        | Found a shimmering blue altar of Sif Muna.
    56 | D        | Found a viscous altar of Jiyva.
    56 | D        | Found a hazy altar of Hepliaklqana.
    56 | D        | Found an opulent altar of Gozag.
    57 | D        | Found a glowing golden altar of the Shining One.
    57 | D        | Found a glowing silver altar of Zin.
    57 | D        | Found a basalt altar of Yredelemnul.
    57 | D        | Found a shimmering altar of Xom.
    57 | D        | Found an ornate altar of the Wu Jian Council.
    57 | D        | Found a sacrificial altar of Ru.
    57 | D        | Found a stormy altar of Qazlal.
    57 | D        | Found an iron altar of Okawaru.
    57 | D        | Found a sparkling altar of Nemelex Xobeh.
    57 | D        | Found a burning altar of Makhleb.
    57 | D        | Found a blossoming altar of Fedhas.
    57 | D        | Found a white marble altar of Elyvilon.
    57 | D        | Found a shadowy altar of Dithmenos.
    57 | D        | Found a snail-covered altar of Cheibriados.
    60 | D        | Found a corrupted altar of Lugonu.
    60 | D        | Found a radiant altar of Vehumet.
    61 | D        | Found an ancient bone altar of Kikubaaqudgha.
    61 | D        | Found a hide-covered altar of Uskayaw.
    61 | D        | Found a broken altar of Ashenzari.
    65 | D        | Became a worshipper of Gozag Ym Sagoz the Greedy
    74 | D        | Noticed a glass eye
    91 | D        | Killed a glass eye
    92 | D        | Reached skill level 7 in Fighting
    92 | D        | Reached skill level 5 in Maces & Flails
    92 | D        | Reached XP level 2. HP: 24/24 MP: 2/2
    92 | D        | Reached XP level 3. HP: 28/28 MP: 3/3
    92 | D        | Reached XP level 4. HP: 34/34 MP: 4/4
    92 | D        | Reached XP level 5. HP: 38/38 MP: 5/5
   244 | D        | Noticed a fire bat
   267 | D        | Slain by a fire bat

Illustrated notes

Levels and vault maps discovered:
D:        pitsprint [storerooms_1, entrance_room_1, metal_vault_6, armoury_1,
          mini_pit_1, grid_room_1, main_hall_1, silver_pit, the_coven_1,
          the_vestibule_1, steel_vault_4, golden_pit, hallway_of_sentries,
          crystal_vault_1, iron_vault_5, final_vault]

Skill      XL: |  1 |
---------------+----+-----
Fighting       | 7 |  7.3
Maces & Flails | 5 |  5.1
Armour         | 6 |  6.9
Shields        | 6 |  6.7

Action                     |  1- 3 |  4- 6 || total
---------------------------+-------+-------++-------
  Melee: Flail             |    18 |    20 ||    38
    Use: Potion            |       |     2 ||     2
 Armour: Scale mail        |     1 |    23 ||    24
  Dodge: Dodged            |     1 |    12 ||    13
  Block: Buckler           |     1 |     6 ||     7

Table legend: (Time is in decaauts)
 A = Elapsed time spent in this place.
 B = Non-inter-level travel time spent in this place.
 C = Inter-level travel time spent in this place.
 D = Time resting spent in this place.
 E = Time spent auto-exploring this place.
 F = Levels seen in this place.
 G = Mean time per level.
                   A        B        C        D        E       F      G
               +--------+--------+--------+--------+--------+-----+--------+
         Total |    276 |    276 |      0 |    123 |      0 |   1 |  276.0 |
       Dungeon |    276 |    276 |      0 |    123 |      0 |   1 |  276.0 |
               +--------+--------+--------+--------+--------+-----+--------+

Top non-repeatable levels by time:
       D: 276 daAuts
